 Dungeon Crawl Stone Soup version 0.22.0-60-ga52c2fc (webtiles) character file.

136 Anon1729 the Chopper (level 5, -13/46 HPs)
             Began as a Naga Gladiator on Sept 9, 2018.
             Blown up by Ijyb (22 damage)
             ... with a wand of disintegration (9)
             ... on level 3 of the Dungeon.
             The game lasted 00:03:07 (1846 turns).

Anon1729 the Chopper (Naga Gladiator)               Turns: 1846, Time: 00:03:07

Health: -13/46     AC:  5    Str: 17    XL:     5   Next: 19%
Magic:  5/5        EV:  9    Int:  9    God:
Gold:   175        SH:  0    Dex: 12    Spells: 4/4 levels left

rFire    . . .     SeeInvis +   a - +0 war axe
rCold    + . .     Gourm    .   (no shield)
rNeg     . . .     Faith    .   j - +0 ring mail {rC+}
rPois    +         Spirit   .   c - +0 helmet
rElec    .         Reflect  .   (no cloak)
rCorr    .         Harm     .   (no gloves)
MR       .....                  (no barding)
Stlth    +.........             (no amulet)
HPRegen  0.15/turn              (no ring)
MPRegen  0.09/turn              (no ring)

@: very slow
A: large, see invisible, deformed body, poison resistance, slowness 2, slow
metabolism 1, spit poison 1, AC +1
a: Spit Poison


You were on level 3 of the Dungeon.
You were not hungry.

You visited 1 branch of the dungeon, and saw 3 of its levels.

You collected 175 gold pieces.

Inventory:

Hand Weapons
 a - a +0 war axe (weapon)
Missiles
 d - 3 throwing nets (quivered)
 l - 5 tomahawks
Armour
 b - a +0 leather armour
 c - a +0 helmet (worn)
 j - a +0 ring mail of cold resistance (worn)
Scrolls
 e - 3 scrolls of identify {unknown}
 i - a scroll of noise {unknown}
 k - a scroll of enchant weapon {unknown}
 m - 3 scrolls of fog {unknown}
 n - a scroll of magic mapping {unknown}
 r - 2 scrolls of remove curse {unknown}
Potions
 g - a potion of haste {unknown}
 h - 3 potions of curing {unknown}
 o - 2 potions of might {unknown}
 q - a potion of ambrosia {unknown}
Comestibles
 f - 7 rations
 p - a chunk of flesh


   Skills:
 + Level 2.4 Fighting
 * Level 4.6 Axes
 + Level 1.8 Throwing
 * Level 1.5 Armour
 + Level 2.8 Dodging
 + Level 0.4 Stealth


You had 4 spell levels left.
You didn't know any spells.
Your spell library was empty.

Dungeon Overview and Level Annotations

Branches:
Dungeon (3/15)

Altars:
Kikubaaqudgha
Sif Muna

Annotations:
D:3 Ijyb


Innate Abilities, Weirdness & Mutations

You cannot wear boots.
Your serpentine skin is tough. (AC +1)
You have supernaturally acute eyesight. (SInv)
Armour fits poorly on your strangely shaped body.
Your system is resistant to poisons. (rPois)
You cover ground very slowly.
You have a slow metabolism.
You can spit poison.


Message History

You barely miss Ijyb. Ijyb hits you but does no damage.
You hit Ijyb but do no damage. You slash the dart slug!
Ijyb zaps a wand.
You are blasted!
The dart slug barely misses you. Ijyb closely misses you.
You slash the dart slug!
You kill the dart slug!
You hit Ijyb. Ijyb hits you.
You barely miss Ijyb.
Ijyb is lightly wounded.
Ijyb zaps a wand.
You are blasted!
* * * LOW HITPOINT WARNING * * *
Unknown command.
You aren't carrying any items that you can evoke.
Throwing (i - inventory. (/) - cycle)
d - 4 throwing nets (quivered)
Press: ? - help, Shift-Dir - straight line, f - Ijyb
Aim: Ijyb, wearing a leather armour and carrying a wand of disintegration (9)
You throw a throwing net. The throwing net hits Ijyb.
Ijyb is caught in the net!
Ijyb is lightly wounded.
Ijyb zaps a wand.
You are blasted!
You die...

...........##.
.............
............#
##..........#
....$.......
#.......#
#....g..#
#....@..#
##......#
#.##.#.# #
#.#.# #.. .
### ##


You could see Ijyb (caught).

Vanquished Creatures
  2 orc wizards (D:2)
  2 adders (D:2)
  3 dart slugs
  2 leopard geckos (D:1)
  An orc (D:2)
  2 bat skeletons (D:2)
  3 bat zombies (D:2)
  5 giant cockroaches
  3 goblins
  9 hobgoblins
  4 kobolds
  A quokka (D:2)
  4 bats (D:1)
  6 rats
47 creatures vanquished.

Notes
Turn   | Place    | Note
-------+----------+-------------------------------------------
     0 | D:1      | Anon1729 the Naga Gladiator began the quest for the Orb.
     0 | D:1      | Reached XP level 1. HP: 19/19 MP: 1/1
     1 | D:1      | Noticed an electric eel
   132 | D:1      | Reached XP level 2. HP: 16/26 MP: 2/2
   477 | D:1      | Reached XP level 3. HP: 29/32 MP: 3/3
  1317 | D:2      | Reached XP level 4. HP: 39/39 MP: 4/4
  1332 | D:2      | Reached skill level 4 in Axes
  1357 | D:2      | Reached skill level 1 in Armour
  1363 | D:2      | Reached XP level 5. HP: 30/46 MP: 5/5
  1430 | D:2      | Found a deep blue altar of Sif Muna.
  1632 | D:2      | Found an ancient bone altar of Kikubaaqudgha.
  1839 | D:3      | Noticed Ijyb
  1846 | D:3      | Blown up by Ijyb

Skill      XL: |  1  2  3  4 |
---------------+-------------+-----
Axes           | 4 |  4.6
Armour         | 1 |  1.5
Fighting       | |  2.4
Throwing       | |  1.8
Dodging        | |  2.8
Stealth        | |  0.4

Action                   |  1- 3 |  4- 6 || total
-------------------------+-------+-------++-------
Melee: War axe           |    91 |    55 ||   146
Throw: Throwing net      |       |     1 ||     1
 Abil: Spit Poison       |     1 |       ||     1
  Eat: Chunk             |       |     2 ||     2
Armor: Leather armour    |    33 |       ||    33
       Ring mail         |    18 |    40 ||    58
Dodge: Dodged            |    83 |    33 ||   116
